 Dungeon Crawl Stone Soup version 0.25-a0-578-gc91f01c (webtiles) character file.

Game seed: 6204168717153637461, levelgen mode: deterministic

33717 Faca the Grappler (level 13, -4/139 HPs)
             Began as a Troll Fighter on Mar 7, 2020.
             Was the Champion of Okawaru.
             Slain by a wyvern simulacrum (8 damage)
             ... summoned by a glowing orange brain
             ... in a Gauntlet.
             The game lasted 00:41:06 (12572 turns).

Faca the Grappler (Troll Fighter)                  Turns: 12572, Time: 00:41:07

Health: -4/139     AC: 10    Str: 31    XL:     13   Next: 38%
Magic:  10/12      EV:  7    Int:  4    God:    Okawaru [******]
Gold:   838        SH:  0    Dex: 13    Spells: 12/12 levels left

rFire    . . .     SeeInvis .     - Unarmed
rCold    . . .     Gourm    +   b - +1 kite shield
rNeg     . . .     Faith    .   L - +0 troll leather armour
rPois    +         Spirit   .   (helmet restricted)
rElec    .         Reflect  .   k - +0 cloak
rCorr    .         Harm     .   (gloves unavailable)
MR       .....     NoTele   +   (boots unavailable)
Stlth    ++........             x - amulet of regeneration
HPRegen  1.53/turn              O - ring of poison resistance
MPRegen  0.13/turn              N - +4 ring of dexterity

@: heroism, petrifying (expiring), lightly drained, very slow
A: large, unfitting armour, claws 3, fast metabolism 3, gourmand, regeneration
1, shaggy fur 1, tough skin 3
a: Heroism, Finesse, Renounce Religion


You were in a Gauntlet.
You worshipped Okawaru.
Okawaru was exalted by your worship.
You were not hungry.

You visited 3 branches of the dungeon, and saw 17 of its levels.
You also visited: Gauntlet.

You collected 838 gold pieces.

Inventory:

Hand Weapons
 A - the +10 hunting sling of Geth {vorpal, +Fly Str+4 Stlth-}
   (You found it on level 9 of the Dungeon)

   Any stone fired from it inflicts extra damage.
   It affects your strength (+4).
   It lets you fly.
   It makes you less stealthy.
Missiles
 f - 421 stones (quivered)
 v - 6 boomerangs
 y - 2 throwing nets
 B - 11 large rocks
 C - 51 sling bullets
 G - 6 silver javelins
 K - 4 javelins
Armour
 b - a +1 kite shield (worn)
 k - a +0 cloak (worn)
 L - a +0 troll leather armour (worn)
Jewellery
 x - an amulet of regeneration (around neck)
 H - an uncursed ring of resist corrosion
 N - a +4 ring of dexterity (right claw)
 O - a ring of poison resistance (left claw)
Wands
 a - a wand of iceblast (5)
 l - a wand of acid (16)
 o - a wand of flame (18)
 s - a wand of enslavement (6)
 u - a wand of digging (6)
 J - a wand of clouds (4)
Scrolls
 e - 2 scrolls of enchant weapon
 j - 13 scrolls of remove curse
 q - 3 scrolls of fog
 t - 10 scrolls of identify
 w - 2 scrolls of magic mapping
 D - 2 scrolls of silence
 E - 9 scrolls of teleportation
 I - 3 scrolls of blinking
Potions
 c - 3 potions of might
 g - 5 potions of haste
 h - 2 potions of flight
 i - 3 potions of lignification
 m - a potion of brilliance
 p - 5 potions of stabbing
 r - a potion of berserk rage
 z - 4 potions of invisibility
 F - 6 potions of curing
 M - 2 potions of cancellation
Comestibles
 d - 36 rations


   Skills:
 + Level 11.9(16.4) Fighting
 + Level 10.7(15.2) Throwing
 - Level 2.4(7.0) Dodging
 + Level 3.5(8.1) Shields
 + Level 13.7(18.2) Unarmed Combat


You had 12 spell levels left.
You didn't know any spells.
Your spell library contained the following spells:

 Spells                   Type           Power        Failure   Level  Hunger
 Shock                    Conj/Air       #...         58%         1    ##.....
 Swiftness                Chrm/Air       #.......     75%         2    ###....
 Static Discharge         Conj/Air       #.......     92%         3    ####...
 Airstrike                Air            #.........   100%        4    #####..
 Leda's Liquefaction      Hex/Erth       #.........   100%        4    #####..
 Bolt of Magma            Conj/Fire/Erth #.........   100%        5    ######.
 Irradiate                Conj/Tmut      #.........   100%        5    ######.
 Lightning Bolt           Conj/Air       #.........   100%        5    ######.
 Hydra Form               Tmut           #.........   100%        6    #######
 Iron Shot                Conj/Erth      #.........   100%        6    #######
 Statue Form              Tmut/Erth      #........    100%        6    #######
 Dragon Form              Tmut           #.........   100%        7    #######
 Shatter                  Erth           #.........   100%        9    #######


Dungeon Overview and Level Annotations

Branches:
Dungeon (12/15)            Temple (1/1) D:4            Lair (4/6) D:11
  Swamp (0/4) Lair:3       Spider (0/4) Lair:3          Orc (0/2) D:10
Gauntlet (1/1)

Altars:
Ashenzari
Cheibriados
Dithmenos
Elyvilon
Fedhas
Gozag
Hepliaklqana
Kikubaaqudgha
Makhleb
Nemelex Xobeh
Okawaru
Qazlal
Ru
Sif Muna
Trog
Uskayaw
Vehumet
Wu Jian
Xom
Yredelemnul
Zin
The Shining One

Shops:
D:7 %

Annotations:
Lair:3 exclusion: 2 oklob plants Gauntlet 11 transporters, 3 runed translucent doors


Innate Abilities, Weirdness & Mutations

You are too large for most types of armour.
You have claws for hands.
Your metabolism is lightning-fast.
You like to eat raw meat.
Your natural rate of healing is unusually fast.
You are covered in fur. (AC +1)
You have extremely tough skin. (AC +3)


Message History

The catoblepas breathes a plume of calcifying dust at you.
The blast of calcifying dust hits the soul eater but does no damage.
The blast of calcifying dust hits the cyan ugly thing!
The blast of calcifying dust hits you.
* * * LOW HITPOINT WARNING * * *
The soul eater is engulfed in calcifying dust.
The soul eater stops moving altogether!
The shadow strikes at you from the darkness!
* * * LOW HITPOINT WARNING * * *
Reactivating autopickup.
The cyan ugly thing is engulfed in calcifying dust.
The cyan ugly thing is moving more slowly.
The cyan ugly thing engulfs you.
* * * LOW HITPOINT WARNING * * *
The cyan ugly thing shocks you!
* * * LOW HITPOINT WARNING * * *
The wyvern simulacrum bites you!
* * * LOW HITPOINT WARNING * * *
The wyvern simulacrum freezes you!
You die...

########.....#.©.#.....##########
#.©.#........#...#........#.©.#..
#.8.#...8....#.©.#....8...#.8.#..
#.©.#.....###########.....#.©.#..
#######...#..$.©?"..#...#########
.!©=3##...#.^##G##^.#...#.[#©#..#
..###3#...#.##^(§##.#...#$)#.#..#
##..#3#...#.#Y3WZ.#.#...###+++..#
#.©#.##.8.#....u@...#.8.#..^.#..#
.##..##...#.#((..§#^#...#.##.#W.#
.#.##2#...#.##...##.#...#.##.#WW#
#.#..##...#.^##.##^.#...#...©#WW#
#######...#.u..(....#...#########
..©.......###########.......©....
..8.....8......©......8.....8....
....§.......∩..8..∩...........§§§
#≈#≈#§#≈#...§.........#≈#≈#§#§#§#


You could see a catoblepas, a cyan ugly thing (petrifying), a soul eater
(petrified), a glowing orange brain, a shadow and a wyvern simulacrum.

Vanquished Creatures
  2 hydras
  The ghost of flotson the Fighter, a journeyman OpAs of Dithmenos (D:10)
  9 two-headed ogres
  A death knight (D:10)
  The ghost of bobarctor the Cudgeler, a novice DsGl of Okawaru (D:10)
  The ghost of ryzol the Skirmisher, a novice GnAK of Lugonu (D:7)
  An unseen horror (D:11)
  A glowing orange brain (Gauntlet)
  3 ugly things (D:11)
  A deep elf mage (D:12)
  Joseph (D:9)
  7 spiny frogs
  2 black mambas (Lair:2)
  2 gargoyles (D:10)
  A komodo dragon (D:12)
  A troll (D:12)
  A polar bear (Lair:3)
  A bog body (Lair:3)
  5 dream sheep
  14 blink frogs
  6 hippogriffs
  Sigmund (D:2)
  18 yaks
  3 spriggans (Lair:2)
  2 wyverns
  A steam dragon (D:12)
  The ghost of Synox the Skirmisher, an amateur FoAK of Lugonu (D:10)
  3 hungry ghosts
  7 water moccasins
  A sky beast (D:12)
  6 porcupines
  4 orc warriors
  5 ice beasts
  2 black bears
  A phantom (D:5)
  5 wolves (Lair:2)
  10 centaurs
  A necrophage (D:10)
  7 ogres
  4 crocodiles
  A big kobold (D:7)
  11 bullfrogs
  2 wyvern skeletons
  3 scorpions
  4 killer bees (D:9)
  3 wights (D:7)
  An electric eel (Lair:2)
  2 howler monkeys (D:11)
  10 crimson imps
  A quasit (D:9)
  A bullfrog zombie (D:8)
  6 jellies
  A gnoll shaman (D:10)
  3 orc priests
  Crazy Yiuf (D:2)
  3 centaur skeletons
  4 hounds
  5 bullfrog skeletons
  5 iguanas
  8 worker ants
  8 orc wizards
  Ijyb (D:4)
  2 hound zombies
  Robin (D:2)
  2 worker ant zombies (D:5)
  13 adders
  3 gnolls (D:10)
  7 shadow imps
  4 white imps (D:7)
  An ooze (D:4)
  3 worms
  5 leopard geckos
  34 orcs
  A giant cockroach (D:7)
  13 goblins
  5 hobgoblins
  15 jackals
  4 quokkas
  6 bats
  4 frilled lizards
  A jackal skeleton (D:6)
  12 kobolds
  4 rats
  A fungus (D:2)
  3 plants (D:11)
372 creatures vanquished.

Vanquished Creatures (others)
  A plant (Lair:3)
1 creature vanquished.

Grand Total: 373 creatures vanquished

Notes
Turn   | Place    | Note
-------+----------+-------------------------------------------
     0 | D:1      | Faca the Troll Fighter began the quest for the Orb.
     0 | D:1      | Reached XP level 1. HP: 22/22 MP: 0/0
   369 | D:1      | Reached XP level 2. HP: 29/29 MP: 1/1
   967 | D:2      | Noticed Sigmund
   981 | D:2      | Killed Sigmund
   981 | D:2      | Reached skill level 4 in Unarmed Combat
   981 | D:2      | Reached XP level 3. HP: 26/39 MP: 2/2
   981 | D:2      | Reached XP level 4. HP: 32/48 MP: 3/3
   981 | D:2      | Reached XP level 5. HP: 36/54 MP: 4/4
  1298 | D:2      | Noticed Robin
  1310 | D:2      | Killed Robin
  1354 | D:2      | Found a blossoming altar of Fedhas.
  1770 | D:2      | Found a runed translucent door.
  1771 | D:2      | Noticed Crazy Yiuf
  1783 | D:2      | Killed Crazy Yiuf
  1783 | D:2      | Reached XP level 6. HP: 37/62 MP: 5/5
  2016 | D:3      | Found a hazy altar of Hepliaklqana.
  2309 | D:4      | Noticed Ijyb
  2339 | D:4      | Killed Ijyb
  2339 | D:4      | Reached skill level 5 in Unarmed Combat
  2436 | D:4      | Found a staircase to the Ecumenical Temple.
  2452 | Temple   | Entered the Ecumenical Temple
  2847 | D:5      | Entered Level 5 of the Dungeon
  2866 | D:5      | Reached skill level 5 in Fighting
  2866 | D:5      | Reached XP level 7. HP: 29/72 MP: 6/6
  3040 | D:4      | Reached skill level 6 in Unarmed Combat
  3339 | D:5      | Reached XP level 8. HP: 69/83 MP: 7/7
  3442 | D:5      | Reached skill level 7 in Unarmed Combat
  4041 | D:6      | Reached skill level 8 in Unarmed Combat
  4500 | D:7      | Found an ornate altar of the Wu Jian Council.
  4505 | D:7      | Found an ancient bone altar of Kikubaaqudgha.
  4505 | D:7      | Found a bloodstained altar of Trog.
  4550 | D:7      | Noticed a hippogriff
  4555 | D:7      | Killed a hippogriff
  4555 | D:7      | Reached skill level 1 in Throwing
  4589 | D:7      | Found a runed translucent door.
  4601 | D:7      | Reached XP level 9. HP: 82/93 MP: 8/8
  4748 | D:7      | Noticed ryzol's ghost (novice GnAK)
  4753 | D:7      | Found Daas's Food Shop.
  4773 | D:7      | Killed ryzol's ghost
  4773 | D:7      | Reached skill level 9 in Unarmed Combat
  5336 | D:8      | Noticed a two-headed ogre
  5342 | D:8      | Killed a two-headed ogre
  5342 | D:8      | Reached skill level 5 in Throwing
  5342 | D:8      | Reached XP level 10. HP: 86/106 MP: 9/9
  5604 | D:9      | Got an ebony hunting sling
  5605 | D:9      | Identified the +10 hunting sling of Geth {vorpal, +Fly
                  | Str+4 Stlth-} (You found it on level 9 of the Dungeon)
  5620 | D:9      | Reached skill level 10 in Unarmed Combat
  5866 | D:9      | Noticed a two-headed ogre
  5878 | D:9      | Killed a two-headed ogre
  5958 | D:9      | Noticed Joseph
  5966 | D:9      | Killed Joseph
  6111 | D:9      | Found a white marble altar of Elyvilon.
  6114 | D:9      | Found an iron altar of Okawaru.
  6118 | D:9      | Became a worshipper of Warmaster Okawaru
  6124 | D:9      | Found a shimmering blue altar of Sif Muna.
  6127 | D:9      | Found a snail-covered altar of Cheibriados.
  6337 | D:9      | Found a sacrificial altar of Ru.
  6359 | D:10     | Entered Level 10 of the Dungeon
  6378 | D:10     | Noticed a two-headed ogre
  6408 | D:10     | Killed a two-headed ogre
  6477 | D:10     | Reached * piety under Okawaru
  6558 | D:10     | Noticed a gargoyle
  6564 | D:10     | Killed a gargoyle
  6564 | D:10     | Reached XP level 11. HP: 89/115 MP: 10/10
  6579 | D:10     | Reached skill level 11 in Unarmed Combat
  6721 | D:10     | Found a staircase to the Orcish Mines.
  6748 | D:10     | Found a sparkling altar of Nemelex Xobeh.
  6748 | D:10     | Noticed a death knight
  6755 | D:10     | Killed a death knight
  6755 | D:10     | Reached ** piety under Okawaru
  6909 | D:10     | Noticed a two-headed ogre
  6920 | D:10     | Killed a two-headed ogre
  7009 | D:10     | Noticed a two-headed ogre
  7019 | D:10     | Killed a two-headed ogre
  7069 | D:10     | Found a runed translucent gate.
  7070 | D:10     | Found a runed translucent gate.
  7070 | D:10     | Found a runed translucent gate.
  7072 | D:10     | Noticed flotson's ghost (journeyman OpAs)
  7072 | D:10     | Noticed bobarctor's ghost (novice DsGl)
  7072 | D:10     | Noticed Synox's ghost (amateur FoAK)
  7082 | D:10     | Killed bobarctor's ghost
  7082 | D:10     | Reached *** piety under Okawaru
  7082 | D:10     | Reached skill level 10 in Fighting
  7086 | D:10     | Killed Synox's ghost
  7095 | D:10     | Killed flotson's ghost
  7309 | D:11     | Noticed a two-headed ogre
  7319 | D:11     | Killed a two-headed ogre
  7319 | D:11     | Received a gift from Okawaru
  7389 | D:11     | Noticed a red ugly thing
  7397 | D:11     | Killed a red ugly thing
  7547 | D:11     | Received a gift from Okawaru
  7576 | D:11     | Found a staircase to the Lair.
  7612 | D:11     | Killed an unseen horror
  7612 | D:11     | Reached skill level 12 in Unarmed Combat
  7816 | D:11     | Noticed a green ugly thing
  7819 | D:11     | Noticed a white ugly thing
  7828 | D:11     | Killed a green ugly thing
  7828 | D:11     | Reached **** piety under Okawaru
  7830 | D:11     | Killed a white ugly thing
  7830 | D:11     | Received a gift from Okawaru
  7921 | D:11     | Reached XP level 12. HP: 128/128 MP: 11/11
  8002 | D:11     | Noticed a two-headed ogre
  8004 | D:11     | Noticed a two-headed ogre
  8008 | D:11     | Noticed a five-headed hydra
  8015 | D:11     | Killed a two-headed ogre
  8015 | D:11     | Received a gift from Okawaru
  8018 | D:11     | Killed a two-headed ogre
  8182 | D:11     | Killed a five-headed hydra
  8182 | D:11     | Received a gift from Okawaru
  8509 | D:12     | Noticed a two-headed ogre
  8517 | D:12     | Killed a two-headed ogre
  8604 | D:12     | Reached ***** piety under Okawaru
  9482 | Lair:1   | Entered Level 1 of the Lair of Beasts
  9499 | Lair:1   | Reached skill level 13 in Unarmed Combat
  9597 | Lair:1   | Received a gift from Okawaru
  9686 | Lair:1   | Reached skill level 10 in Throwing
 10026 | Lair:1   | Received a gift from Okawaru
 10455 | Lair:2   | Received a gift from Okawaru
 10569 | Lair:2   | Reached XP level 13. HP: 135/137 MP: 12/12
 11244 | Lair:3   | Found a hole to the Spider Nest.
 11468 | Lair:3   | Found a staircase to the Swamp.
 11580 | Lair:3   | Reached ****** piety under Okawaru
 12193 | Lair:4   | Received a gift from Okawaru
 12194 | Lair:4   | HP: 5/208 [dream sheep (8)]
 12242 | Lair:4   | Got a jewelled hunting sling {god gift}
 12243 | Lair:4   | Identified the +8 hunting sling "Kyuw" {venom, rN+ Str+3}
                  | (Okawaru gifted it to you on level 4 of the Lair of Beasts)
 12282 | Lair:4   | Found a gate leading to a gauntlet.
 12293 | Gauntlet | Entered a Gauntlet
 12293 | Gauntlet | Found a transporter.
 12301 | Gauntlet | Found a runed translucent gate.
 12302 | Gauntlet | Found a transporter.
 12304 | Gauntlet | Found a transporter.
 12305 | Gauntlet | Found a runed translucent gate.
 12306 | Gauntlet | Found a runed translucent gate.
 12308 | Gauntlet | Found a transporter.
 12309 | Gauntlet | Found a transporter.
 12309 | Gauntlet | Found a transporter.
 12321 | Gauntlet | Found a transporter.
 12341 | Gauntlet | Found a transporter.
 12345 | Gauntlet | Found a transporter.
 12349 | Gauntlet | Found a transporter.
 12350 | Gauntlet | Noticed a cacodemon
 12359 | Gauntlet | Found a transporter.
 12422 | Gauntlet | Found a transporter.
 12572 | Gauntlet | HP: 4/139 [wyvern simulacrum[a glowing orange brain] (5)]
 12572 | Gauntlet | Slain by a wyvern simulacrum

Levels and vault maps discovered:
D:1:      tarquinn_simple_flora_water_d, layout_loops_corners
D:2:      layout_basic, lemuel_round_altar, bh_walls_and_bars, uniq_sigmund,
          uniq_robin, uniq_crazy_yiuf_cottage
D:3:      layout_rooms, lemuel_crystal_altar
D:4:      layout_rooms, minmay_temple_entry_gardened_gates,
          kennysheep_generic_room_15, uniq_ijyb
D:5:      layout_rooms, first_ration
D:6:      layout_gridville, st_stairs_9
D:7:      layout_rooms, grunt_temple_overflow_open, serial_shops,
          nicolae_shop_behind_doors, gammafunk_ghost_grave, grunt_ogre_cave,
          minmay_nine_imps
D:8:      layout_basic
D:9:      layout_roguey, nicolae_ru_the_path_less_chosen,
          grunt_temple_overflow_cloverleaf, roderic_serpentine_path, uniq_joseph
D:10:     layout_cave_pools, orc_0_dummy, gammafunk_ghost_cemetery,
          grunt_ministairs_4, st_stairs_12, minmay_ruined_shrine
D:11:     layout_basic, dpeg_oklobed_lair
D:12:     layout_grid_maze
Temple:   minmay_temple_bridge_abc
Lair:1:   layout_regular_city, beast_lair_carwin_3, lemuel_fruit_tree
Lair:2:   layout_roguey, minmay_hedge_maze, nicolae_quartered_pool_medium,
          wad_woods_02
Lair:3:   layout_cave_shapes, skrybe_swamp_entry_bodies, dummy_spider_entry,
          chequers_serial_rivers_micro_e, grunt_megastairs_3,
          infiniplex_staircase_pool_2, minmay_lair_oklob_chamber
Lair:4:   layout_hall_layers, gauntlet_entry_generic,
          grunt_forest_small_clearing_treed
Gauntlet: minmay_gauntlet_mixed_oops_all_seconds [minmay_gauntlet_arena_77_mess,
          gammafunk_gauntlet_arena_split_diamond,
          minmay_gauntlet_arena_77_run_for_it, gammafunk_gauntlet_arena_grid,
          minmay_gauntlet_arena_77_broken_ladder,
          nicolae_gauntlet_arena_quarters, gauntlet_exit_green]

Skill      XL: |  1  2  3  4  5  6  7  8  9 10 11 12 13 |
---------------+----------------------------------------+-----
Fighting       | 4 5 6 7 8 9 10 11 | 11.9
Unarmed Combat | 4 5 6 8 9 10 12 13 | 13.7
Throwing       | 1 5 6 8 10 | 10.7
Shields        | 3 |  3.5
Dodging        | |  2.4

Action                   |  1- 3 |  4- 6 |  7- 9 | 10-12 | 13-15 || total
-------------------------+-------+-------+-------+-------+-------++-------
Melee: Unarmed           |    67 |   172 |   380 |   539 |   143 ||  1301
 Fire: Hunting sling     |       |       |       |    32 |    16 ||    48
Throw: Stone             |       |       |       |       |     1 ||     1
Invok: Heroism           |       |       |       |     2 |     1 ||     3
  Use: Scroll            |     2 |     7 |     9 |     5 |     3 ||    26
       Potion            |       |       |       |       |     2 ||     2
 Stab: Sleeping          |       |       |     1 |       |       ||     1
  Eat: Chunk             |    11 |    18 |    31 |    57 |    13 ||   130
Armor: Robe              |    32 |    43 |   103 |    65 |       ||   243
       Troll leather arm |       |       |       |    49 |    39 ||    88
Dodge: Dodged            |    18 |    45 |   103 |   111 |    35 ||   312
Block: Kite shield       |    23 |    68 |   163 |   204 |    68 ||   526

Table legend:
 A = Non-vault XP
 B = Vault XP
 C = Vault XP percentage of total XP
 D = Non-vault monster count
 E = Vault monster count
 F = Vault count percentage of total count
                 A         B        C        D         E       F
            +---------+---------+-------+---------+---------+-------
      Total |   38084 |   10084 |  20.9 |     315 |      53 |  14.4
            +---------+---------+-------+---------+---------+-------
        D:1 |      23 |       0 |   0.0 |      16 |       0 |   0.0
        D:2 |      60 |     306 |  83.6 |      19 |      15 |  44.1
        D:3 |      32 |       0 |   0.0 |       4 |       0 |   0.0
        D:4 |     311 |     100 |  24.3 |      13 |       2 |  13.3
        D:5 |    1004 |       0 |   0.0 |      29 |       0 |   0.0
        D:6 |     545 |       0 |   0.0 |      21 |       0 |   0.0
        D:7 |    1121 |    1176 |  51.2 |      26 |      11 |  29.7
        D:8 |    1858 |       0 |   0.0 |      18 |       0 |   0.0
        D:9 |    2427 |     455 |  15.8 |      21 |       1 |   4.5
       D:10 |    3668 |    4277 |  53.8 |      26 |      10 |  27.8
       D:11 |    8282 |       0 |   0.0 |      34 |       0 |   0.0
       D:12 |    5812 |       0 |   0.0 |      30 |       0 |   0.0
     Lair:1 |    3380 |    1542 |  31.3 |      17 |       6 |  26.1
     Lair:2 |    3639 |     868 |  19.3 |      19 |       4 |  17.4
     Lair:3 |    3561 |     653 |  15.5 |      16 |       3 |  15.8
     Lair:4 |    2361 |       0 |   0.0 |       6 |       0 |   0.0
   Gauntlet |       0 |     707 | 100.0 |       0 |       1 | 100.0
            +---------+---------+-------+---------+---------+-------
